 Dungeon Crawl Stone Soup version 0.28-a0-1286-g6bde065e89 (webtiles) character file.

Game seed: 13532237366642652595

6401 funkygono the Arsonist (level 10, 0/73 HPs)
             Began as a Green Draconian Fire Elementalist on Dec 26, 2021.
             Was a Believer of Vehumet.
             Slain by a wolf spider simulacrum (30 damage)
             ... on level 10 of the Dungeon.
             The game lasted 00:24:18 (10938 turns).

funkygono the Arsonist (DrFE)                      Turns: 10938, Time: 00:24:19

Health: 0/73       AC: 16    Str: 11    XL:     10   Next: 66%
Magic:  21/23      EV: 12    Int: 20    God:    Vehumet [**....]
Gold:   450        SH:  0    Dex: 11    Spells: 9/27 levels left

rFire   . . .      SeeInvis .   t - +6 mace
rCold   . . .      Faith    .   (no shield)
rNeg    . . .      Spirit   .   (armour unavailable)
rPois   +          Reflect  .   (helmet restricted)
rElec   .          Harm     .   o - scarf {repulsion}
rCorr   .          Rampage  .   (no gloves)
Will    .....                   C - +0 pair of boots
Stlth   ++........              w - amulet of regeneration
HPRegen 1.02/turn               x - +4 ring of protection
MPRegen 0.18/turn               q - +4 ring of protection

@: slowed, repel missiles, very slow
A: breathe noxious fumes, AC +7, unfitting armour, poison resistance,
cold-blooded
a: Breathe Noxious Fumes, Renounce Religion


You were on level 10 of the Dungeon.
You worshipped Vehumet.
Vehumet was pleased with you.
You visited 2 branches of the dungeon, and saw 11 of its levels.

You collected 450 gold pieces.

Inventory:

Hand Weapons
 k - a +4 whip
 r - a +2 whip of draining
 t - a +6 mace (weapon)
Missiles
 a - 235 stones
Armour
 o - a scarf of repulsion (worn)
 C - a +0 pair of boots (worn)
Magical Staves
 f - a staff of air
 g - a staff of cold
Jewellery
 p - a +4 ring of slaying
 q - a +4 ring of protection (right hand)
 w - an amulet of regeneration (around neck)
 x - a +4 ring of protection (left hand)
 D - a ring of wizardry
Wands
 i - a wand of mindburst (15)
 s - a wand of charming (7)
 u - a wand of paralysis (24)
Scrolls
 m - a scroll of holy word
 y - a scroll of teleportation
Potions
 c - 4 potions of might
 d - 3 potions of curing
 h - 2 potions of heal wounds
 j - 3 potions of brilliance
 l - a potion of mutation
 n - 2 potions of magic
 z - a potion of cancellation {unknown}
 A - a potion of attraction {unknown}


   Skills:
 + Level 1.9 Fighting
 + Level 0.1 Short Blades
 + Level 2.0 Maces & Flails
 + Level 3.5 Dodging
 - Level 1.7 Stealth
 * Level 9.3 Spellcasting
 * Level 7.8 Conjurations
 * Level 9.8 Fire Magic


You had 9 spell levels left.
You knew the following spells:

 Your Spells              Type           Power      Damage    Failure   Level
a - Foxfire               Conj/Fire      100%       2x1d9     1%          1
b - Scorch                Fire           96%        2d10      1%          2
c - Conjure Flame         Conj/Fire      44%        6-21      1%          3
d - Flame Wave            Conj/Fire      44%        2d8       1%          4
e - Starburst             Conj/Fire      22%        6d7       30%         6
f - Shock                 Conj/Air       100%       1d9       1%          1
j - Sandblast             Erth           18%        2d7       8%          1

Your spell library contained the following spells:

 Spells                   Type           Power      Damage    Failure   Level
 Static Discharge         Conj/Air       25%        N/A       2%          2
 Magic Dart               Conj           100%       1d8       1%          1
 Searing Ray              Conj           80%        2d7       1%          2
 Sticky Flame             Conj/Fire      44%        2d6       1%          4
 Inner Flame              Hex/Fire       29%        N/A       3%          3
 Dazzling Flash           Conj/Hex       50%        N/A       4%          3
 Ignite Poison            Fire/Tmut/Pois 22%        N/A       6%          3
 Passwall                 Tmut/Erth      7%         N/A       11%         2
 Fulminant Prism          Conj/Hex       12%        3d9       14%         4
 Iskenderun's Mystic Bla  Conj/Tloc      25%        2d7       14%         4
 Ozocubu's Armour         Ice            9%         N/A       22%         3
 Summon Guardian Golem    Hex/Summ       9%         N/A       22%         3
 Swiftness                Air            9%         N/A       22%         3
 Metabolic Englaciation   Hex/Ice        4%         N/A       90%         5
 Orb of Destruction       Conj           20%        9d9       94%         7
 Simulacrum               Ice/Necr       4%         N/A       100%        6
 Spellforged Servitor     Conj/Summ      12%        N/A       100%        7


Dungeon Overview and Level Annotations

Branches:
Dungeon (10/15)            Temple (1/1) D:5            Lair (0/6) D:9
    Orc: D:9-12

Altars:
Ashenzari
Cheibriados
Dithmenos
Elyvilon
Fedhas
Gozag
Hepliaklqana
Kikubaaqudgha
Makhleb
Nemelex Xobeh
Okawaru
Qazlal
Ru
Sif Muna
Trog
Uskayaw
Vehumet
Wu Jian
Yredelemnul
Zin
The Shining One


Innate Abilities, Weirdness & Mutations

You can breathe blasts of noxious fumes.
Your lurid green scales are hard. (AC +7)
You cannot fit into any form of body armour.
Your system is resistant to poisons. (rPois)
You are cold-blooded and may be slowed by cold attacks.


Message History

The foxfire hits the orc priest.
You kill the orc priest!
Vehumet accepts your kill.
You feel your power returning.
There is a stone staircase leading up, spattered with blood here.
You start resting.
Your foxfire dissipates! x2
You start resting.
Magic restored.
Items here: ))) [ †.
Things that are here:
a +0 whip; a +0 leather armour
Items here: ( )) [ †.
Things that are here:
a +0 whip; a +0 leather armour
Things that are here:
a +0 spear; a gnoll corpse
Items here: )) [ ††.
Found a scroll of vulnerability.
Casting: Foxfire (safe; 1% risk of failure)
Confirm with . or Enter, or press ? or * to list all spells.
You conjure some foxfire!
Your foxfire dissipates!
Your foxfire dissipates!
Found a stone staircase leading down.
You pick up an Everburning Encyclopedia and begin reading...
You add the spells Ignite Poison and Sticky Flame to your library.
A wolf spider simulacrum comes into view.
Casting: Foxfire (safe; 1% risk of failure)
Confirm with . or Enter, or press ? or * to list all spells.
Flames lash the wolf spider simulacrum.
The wolf spider simulacrum melts!
The wolf spider simulacrum is severely damaged.
The wolf spider simulacrum's fire resistance burns away.
The wolf spider simulacrum hits you! The wolf spider simulacrum freezes you!
The wolf spider simulacrum bites you. The wolf spider simulacrum freezes you!
You feel yourself slow down.
The wolf spider simulacrum closely misses you.
The wolf spider simulacrum bites you.
The wolf spider simulacrum freezes you!!
You die...

# ### ##.###.# .#
.#....#.####.####
........Z........
.#..###@####..###
................###
....###.#..........
#. #.#.......#
#.#.......#
#.#.......##
..#.##.....#
.....##.....#
#.#....>.......#


You could see a wolf spider simulacrum (combustible).

Vanquished Creatures
  Erica (D:9)
  A troll (D:9)
  A wraith (D:9)
  2 wyverns
  3 yaks (D:9)
  A steam dragon (D:8)
  2 wargs (D:9)
  An acid dragon (D:9)
  3 water moccasins
  3 ice beasts
  A sky beast (D:6)
  3 orc warriors
  2 black bears
  A necrophage (D:6)
  2 ogres
  3 centaurs
  A kobold brigand (D:8)
  4 bullfrogs
  A wyvern zombie (D:7)
  A gnoll sergeant (D:8)
  A scorpion (D:7)
  9 killer bees (D:7)
  7 wights
  An electric eel (D:7)
  A howler monkey (D:5)
  7 crimson imps (D:8)
  3 centaur zombies
  A hound (D:4)
  A bullfrog skeleton (D:6)
  A centaur skeleton (D:7)
  4 orc priests
  A gnoll shaman (D:10)
  5 orc wizards
  6 adders
  19 gnolls
  A howler monkey skeleton (D:7)
  2 shadow imps (D:7)
  3 white imps
  3 dart slugs
  3 worms
  17 orcs
  5 ball pythons
  3 endoplasms
  4 giant cockroaches
  6 goblins
  5 hobgoblins
  5 jackals (D:1)
  4 quokkas
  7 bats
  2 frilled lizards (D:1)
  11 kobolds
  6 rats
191 creatures vanquished.

Vanquished Creatures (others)
  884 foxfires
  6 plants
890 creatures vanquished.

Grand Total: 1081 creatures vanquished

Notes
Turn   | Place    | Note
-------+----------+-------------------------------------------
     0 | D:1      | funkygono the Draconian Fire Elementalist began the quest
                  | for the Orb.
     0 | D:1      | Reached XP level 1. HP: 14/14 MP: 3/3
   428 | D:1      | Reached XP level 2. HP: 20/20 MP: 1/5
   480 | D:1      | Learned a level 2 spell: Scorch
  1172 | D:1      | Reached XP level 3. HP: 26/26 MP: 2/6
  1176 | D:1      | Learned a level 3 spell: Conjure Flame
  1223 | D:1      | Found a faded altar of an unknown god.
  1843 | D:1      | Reached XP level 4. HP: 21/33 MP: 0/8
  2807 | D:3      | Reached XP level 5. HP: 38/38 MP: 3/10
  3215 | D:3      | Learned a level 4 spell: Flame Wave
  3642 | D:4      | Noticed a centaur
  3647 | D:4      | Killed a centaur
  3648 | D:4      | Reached skill level 5 in Fire Magic
  3648 | D:4      | Reached XP level 6. HP: 44/46 MP: 5/11
  4221 | D:5      | Entered Level 5 of the Dungeon
  4251 | D:5      | Found a staircase to the Ecumenical Temple.
  4265 | Temple   | Entered the Ecumenical Temple
  4346 | Temple   | Became a worshipper of Vehumet
  4788 | D:5      | Your scales start taking on a lurid green colour.
  4788 | D:5      | Reached XP level 7. HP: 46/51 MP: 5/13
  4788 | D:5      | Gained mutation: Your system is resistant to poisons.
                  | (rPois) [Green Draconian growth]
  5731 | D:6      | Reached skill level 5 in Spellcasting
  6066 | D:6      | Reached XP level 8. HP: 58/58 MP: 12/16
  6670 | D:6      | Reached skill level 5 in Conjurations
  6833 | D:7      | Reached * piety under Vehumet
  6833 | D:7      | Offered knowledge of Sandblast by Vehumet.
  6924 | D:7      | Reached skill level 1 in Fighting
  7206 | D:7      | Reached XP level 9. HP: 64/64 MP: 12/19
  7718 | D:7      | Learned a level 1 spell: Sandblast
  7925 | D:7      | Learned a level 6 spell: Starburst
  8502 | D:8      | Reached skill level 1 in Maces & Flails
  8700 | D:8      | Reached ** piety under Vehumet
  8766 | D:8      | Offered knowledge of Shock by Vehumet.
  9689 | D:9      | Noticed a troll
  9713 | D:9      | HP: 3/64 [orc warrior (1)]
  9716 | D:9      | Reached XP level 10. HP: 16/72 MP: 9/22
 10172 | D:9      | Found a staircase to the Lair.
 10472 | D:9      | Noticed Erica
 10491 | D:9      | Killed Erica
 10674 | D:9      | Identified the +6 hand axe "Hic Jeoj" {protect, rPois rF+}
 10687 | D:9      | Learned a level 1 spell: Shock
 10783 | D:10     | Entered Level 10 of the Dungeon
 10788 | D:10     | Offered knowledge of Static Discharge by Vehumet.
 10938 | D:10     | Slain by a wolf spider simulacrum

Illustrated notes

Levels and vault maps discovered:
D:1:      dpeg_arrival_rhombi, layout_rooms,
          hellmonk_ecumenical_altar_inner_sanctum
D:2:      layout_rooms, minmay_strange_pillars
D:3:      cheibrodos_pilgrimage, layout_loops_ring
D:4:      layout_basic
D:5:      layout_gridville, minmay_temple_entry_statues_fountains,
          nicolae_concentric_dashed_squares_mild
D:6:      layout_basic
D:7:      layout_cave_pools, amcnicky_mini_corridor_feature, corner_web_ring,
          hangedman_decor_peaks_small, serial_bayou_ford_a
D:8:      layout_basic, minmay_nine_imps
D:9:      layout_rooms, erik_lair_orcish_takeover, uniq_erica
D:10:     layout_basic, kennysheep_mini_moat, uniq_josephine, uniq_maggie
Temple:   mainiacjoe_temple_hex_bubbles

Skill      XL: |  1  2  3  4  5  6  7  8  9 10 |
---------------+-------------------------------+-----
Spellcasting   | 3 4 5 6 8 9 |  9.3
Fire Magic     | 4 5 6 7 8 9 |  9.8
Conjurations   | 2 3 4 5 7 |  7.8
Dodging        | 2 3 |  3.5
Fighting       | 1 |  1.9
Maces & Flails | 1 2 |  2.0
Short Blades   | |  0.1
Stealth        | |  1.7

Action                   |  1- 3 |  4- 6 |  7- 9 | 10-12 || total
-------------------------+-------+-------+-------+-------++-------
Melee: Unarmed           |     1 |       |       |       ||     1
       Club              |     2 |     1 |       |       ||     3
       Dagger            |       |    11 |     6 |       ||    17
       Tailslap          |       |     1 |    11 |     5 ||    17
       Mace              |       |       |    75 |    25 ||   100
 Cast: Foxfire           |    76 |   115 |   249 |    78 ||   518
       Scorch            |     3 |     6 |    17 |     9 ||    35
       Conjure Flame     |       |       |     1 |     1 ||     2
       Flame Wave        |       |       |     4 |     5 ||     9
 Abil: Breathe Noxious F |       |       |     1 |     2 ||     3
  Use: Scroll            |     3 |     6 |     8 |     1 ||    18
       Potion            |       |       |     1 |     1 ||     2
Armor: Skin              |     8 |     8 |    98 |    47 ||   161
Dodge: Dodged            |    23 |    20 |   152 |    54 ||   249
       Repelled          |       |       |     3 |       ||     3

Table legend: (Time is in decaauts)
 A = Elapsed time spent in this place.
 B = Non-inter-level travel time spent in this place.
 C = Inter-level travel time spent in this place.
 D = Time resting spent in this place.
 E = Time spent auto-exploring this place.
 F = Levels seen in this place.
 G = Mean time per level.
                   A        B        C        D        E       F      G
               +--------+--------+--------+--------+--------+-----+--------+
         Total |  10986 |  10581 |    405 |    698 |   7995 |  11 |  998.7 |
       Dungeon |  10744 |  10382 |    362 |    698 |   7802 |  10 | 1074.4 |
        Temple |    241 |    199 |     42 |      0 |    193 |   1 |  241.0 |
               +--------+--------+--------+--------+--------+-----+--------+

Top non-repeatable levels by time:
     D:8: 1819 daAuts
     D:1: 1449 daAuts
     D:5: 1262 daAuts
     D:7: 1169 daAuts
     D:6: 1098 daAuts
     D:9: 1015 daAuts
     D:4: 996 daAuts
     D:3: 991 daAuts
     D:2: 783 daAuts
  Temple: 241 daAuts
    D:10: 159 daAuts
